 Dungeon Crawl Stone Soup version 0.28-a0-969-g2dcde036d2 (webtiles) character file.

Game seed: 14304992918653212962

1 Agamemnon the Caller (level 1, 0/13 HPs)
             Began as a Merfolk Summoner on Dec 1, 2021.
             Slain by a rat (1 damage)
             ... on level 1 of the Dungeon.
             The game lasted 00:01:52 (53 turns).

Agamemnon the Caller (Merfolk Summoner)               Turns: 53, Time: 00:01:52

Health: 0/13       AC:  2    Str:  8    XL:     1   Next: 20%
Magic:  3/3        EV: 12    Int: 14    God:
Gold:   0          SH:  0    Dex: 14    Spells: 3/4 levels left

rFire   . . .      SeeInvis .   b - +0 whip
rCold   . . .      Faith    .   (no shield)
rNeg    . . .      Spirit   .   a - +0 robe
rPois   .          Reflect  .   (no helmet)
rElec   .          Harm     .   (no cloak)
rCorr   .          Rampage  .   (no gloves)
Will    .....                   (no boots)
Stlth   ++........              (no amulet)
HPRegen 0.04/turn               (no ring)
MPRegen 0.08/turn               (no ring)

@: no status effects
A: (nimble swimmer 2), mertail
a: no special abilities


You were on level 1 of the Dungeon.
You visited 1 branch of the dungeon, and saw 1 of its levels.

Inventory:

Hand Weapons
 b - a +0 whip (weapon)
 c - a +1 vorpal hunting sling
Armour
 a - a +0 robe (worn)


   Skills:
 + Level 2.7 Dodging
 + Level 2.2 Stealth
 + Level 2.0 Spellcasting
 + Level 4.0 Summonings


You had 3 spell levels left.
You knew the following spells:

 Your Spells              Type           Power      Damage    Failure   Level
a - Summon Small Mammal   Summ           48%        N/A       4%          1

Your spell library contained the following spells:

 Spells                   Type           Power      Damage    Failure   Level
 Call Imp                 Summ           12%        N/A       7%          2
 Call Canine Familiar     Summ           12%        N/A       14%         3
 Summon Guardian Golem    Hex/Summ       7%         N/A       30%         3
 Ensorcelled Hibernation  Hex/Ice        2%         N/A       34%         2
 Tukima's Dance           Hex            1%         N/A       56%         3
 Summon Lightning Spire   Summ/Air       7%         N/A       71%         4


Dungeon Overview and Level Annotations

Branches:
Dungeon (1/15)

Altars:


Innate Abilities, Weirdness & Mutations

((You are quick and stealthy near water. (Stealth+, EV+, Speed+++)))
Your lower body shifts to a powerful aquatic tail in water.


Message History

The bat closely misses you. The bat closely misses you.
You closely miss the bat.
The bat is heavily wounded.
The bat hits you. The bat barely misses you.
The bat hits you but does no damage. The bat misses you.
The bat closely misses you.
You hit the bat.
The bat is heavily wounded.
The bat closely misses you.
You closely miss the bat.
The bat is heavily wounded.
The bat closely misses you. The bat hits you but does no damage.
The bat completely misses you.
You hit the bat.
You kill the bat!
No target in view!
You pick up a book of Maledictions and begin reading...
You add the spells Ensorcelled Hibernation and Tukima's Dance to your library.
You see here a +1 vorpal hunting sling.
c - a +1 vorpal hunting sling
Okay, then.
You open the door.
A rat and a goblin come into view.
Found a book of Dreams.
There is an open door here.
The goblin hits you with a +0 club.
You closely miss the goblin. The rat barely misses you.
The goblin barely misses you.
You hit the goblin.
The goblin is heavily wounded.
The rat bites you. The goblin hits you with a +0 club.
You closely miss the goblin.
The goblin is heavily wounded.
The rat bites you but does no damage. The goblin hits you with a +0 club.
* * * LOW HITPOINT WARNING * * *
You closely miss the rat. The rat bites you.
You die...

#.# #.# #.# #######.##
#........# +........+
#........# #######
#........###.......
####........'@rg.:....
.............##........
########'######........
......................
#######.######........
#.# #.######+
#.######.#
####.>.......
#.........#.


You could see a goblin and a rat.

Vanquished Creatures
  A bat (D:1)
1 creature vanquished.

Notes
Turn   | Place    | Note
-------+----------+-------------------------------------------
     0 | D:1      | Agamemnon the Merfolk Summoner began the quest for the Orb.
     0 | D:1      | Reached XP level 1. HP: 13/13 MP: 3/3
    53 | D:1      | Slain by a rat

Illustrated notes

Levels and vault maps discovered:
D:1:      wander_arrival_peaceful_grave, layout_basic,
          shapermc_ecumenical_altar_rom_forum

Action                   || total
-------------------------++-------
Melee: Whip              ||    12
Armor: Robe              ||     5
Dodge: Dodged            ||    17

Table legend: (Time is in decaauts)
 A = Elapsed time spent in this place.
 B = Non-inter-level travel time spent in this place.
 C = Inter-level travel time spent in this place.
 D = Time resting spent in this place.
 E = Time spent auto-exploring this place.
 F = Levels seen in this place.
 G = Mean time per level.
                   A        B        C        D        E       F      G
               +--------+--------+--------+--------+--------+-----+--------+
         Total |     53 |     53 |      0 |      0 |      0 |   1 |   53.0 |
       Dungeon |     53 |     53 |      0 |      0 |      0 |   1 |   53.0 |
               +--------+--------+--------+--------+--------+-----+--------+

Top non-repeatable levels by time:
     D:1: 53 daAuts
